 Dungeon Crawl Stone Soup version 0.29.0-4-gdea44cf6ec (webtiles) character file.

Game seed: 5049125884108722340

2 qw the Sneak (level 1, -5/14 HPs)
             Began as a Gargoyle Delver on Sept 10, 2022.
             Slain by an iguana (9 damage)
             ... on level 4 of the Dungeon.
             The game lasted 00:00:02 (41 turns).

qw the Sneak (Gargoyle Delver)                        Turns: 41, Time: 00:00:03

Health: -5/14      AC:  5    Str: 15    XL:     1   Next: 30%
Magic:  1/1        EV: 11    Int: 10    God:
Gold:   7          SH:  0    Dex: 11    Spells: 0/0 levels left

rFire   . . .      SeeInvis .   a - +0 hand axe
rCold   . . .      Faith    .   (no shield)
rNeg    + . .      Spirit   .   b - +0 leather armour
rPois   inf        Reflect  .   (no helmet)
rElec   +          Harm     .   (no cloak)
rCorr   .          Rampage  .   (no gloves)
Will    .....                   (no boots)
Stlth   +++.......              (no amulet)
HPRegen 0.04/turn               (no ring)
MPRegen 0.07/turn               (no ring)

@: no status effects
A: sickness immunity, AC +2, negative energy resistance 1, electricity
resistance, torment resistance 1, petrification resistance
a: no special abilities


You were on level 4 of the Dungeon.
You visited 1 branch of the dungeon, and saw 2 of its levels.

You collected 7 gold pieces.


Innate Abilities, Weirdness & Mutations

You are immune to sickness and miasma.
Your stone body is resilient. (AC +2)
You are immune to poison.
You resist negative energy. (rN+)
You are resistant to electric shocks. (rElec)
You are resistant to unholy torment.
You are immune to petrification.


   Skills:
 - Level 3.2 Fighting
 + Level 2.0 Axes
 - Level 1.5 Dodging
 - Level 5.4 Stealth


You couldn't memorise any spells.
You didn't know any spells.
Your spell library was empty.

Inventory:

Hand Weapons
 a - a +0 hand axe (weapon)
Armour
 b - a +0 leather armour (worn)
Wands
 g - a wand of digging (3)
Potions
 f - a potion of haste

Dungeon Overview and Level Annotations

Branches:
Dungeon (5/15)
 Temple: D:4-7

Altars:


Message History

What level of the Dungeon? (default 1, ? - help)
Found 14 gold pieces.
Found 6 gold pieces.
Found a dented malachite amulet.
An orc comes into view. It is wielding a +0 morningstar.
Found a stone staircase leading up.
Enter note: The orc shouts!
The orc hits you with a +0 morningstar.
There is a stone staircase leading up here.
You closely miss the orc. The orc closely misses you.
You closely miss the orc. The orc hits you with a +0 morningstar.
You hit the orc.
The orc is almost dead.
The orc hits you with a +0 morningstar.
You hit the orc.
You kill the orc!
Your Axes skill increases to level 2!
33 ||| STAIRDANCE You climb upwards.
Found an escape hatch in the ceiling.
There is a stone staircase leading down here.
Existing waypoints: (2) D:5 Assign waypoint to what number? (0-9, D - delete waypoint) Waypoint 1 assigned to D:4.
Enter note: You hit the worm but do no damage.
The worm barely misses you.
You hit the worm.
The worm is moderately wounded.
The iguana hisses angrily.
You hit the worm.
The worm is heavily wounded.
You barely miss the iguana. The iguana bites you!
Ouch! That really hurt!
You die...

.....###.......
...............
...............
#..............
#.............<
...............
.............#
......w@.....#
.......l.....#
...............
...#+##........
.. #........ .
#........
....##### .....


You could see a worm and an iguana.

Vanquished Creatures
  An orc (D:5)
1 creature vanquished.

Notes
Turn   | Place    | Note
-------+----------+-------------------------------------------
     0 | D:5      | qw the Gargoyle Delver began the quest for the Orb.
     0 | D:5      | Reached XP level 1. HP: 14/14 MP: 1/1
     0 | D:5      | 0 ||| qw: Version: 0.1-a-116-g5d60599
     0 | D:5      | 0 ||| qw: Game counter: 7714
     0 | D:5      | 0 ||| qw: Always use a shield: true
     0 | D:5      | 0 ||| qw: God list: Okawaru
     0 | D:5      | 0 ||| qw: Allow faded altars: false
     0 | D:5      | 0 ||| qw: Do Orc after D:15 true
     0 | D:5      | 0 ||| qw: Do second Lair branch before Depths: true
     0 | D:5      | 0 ||| qw: Lair rune preference: random
     0 | D:5      | 0 ||| qw: Plans: Normal
     0 | D:5      | 0 ||| PLANNING D:1-11
     9 | D:5      | 9 ||| DROPPING scroll of fog.
    10 | D:5      | 10 ||| DROPPING scroll of magic mapping.
    11 | D:5      | 11 ||| DROPPING scroll of fear.
    33 | D:5      | 33 ||| STAIRDANCE
    34 | D:4      | Noticed an iguana
    41 | D:4      | Slain by an iguana

Levels and vault maps discovered:
D:4:      layout_basic, serial_shops, shop, dk_noncrumbling_4,
          kennysheep_generic_room_5, uniq_natasha
D:5:      layout_rooms, uniq_edmund, uniq_ijyb

Skill      XL: |  1 |
---------------+----+-----
Axes           | 2 |  2.0
Fighting       | |  3.2
Dodging        | |  1.5
Stealth        | |  5.4

Action                   || total
-------------------------++-------
Melee: Hand axe          ||     7
Dodge: Dodged            ||     2

Table legend:
 A = Non-vault XP
 B = Vault XP
 C = Vault XP percentage of total XP
 D = Non-vault monster count
 E = Vault monster count
 F = Vault count percentage of total count
                 A         B        C        D         E       F
            +---------+---------+-------+---------+---------+-------
      Total |       3 |       0 |   0.0 |       1 |       0 |   0.0
            +---------+---------+-------+---------+---------+-------
        D:5 |       3 |       0 |   0.0 |       1 |       0 |   0.0
            +---------+---------+-------+---------+---------+-------
